Map: Hecate LE

Players

VaultDweller - Winner!

  • Race: Terran Terran
  • Spawn Location: 7:00

SubN

  • Race: Zerg Zerg
  • League: Diamond
  • Spawn Location: 1:00

VOD

Have the link to the VOD?

Description

Time

  • Played on: Dec. 23, 2023, 12:04 a.m.
  • Length: 13:05
Show
View Real Time Build Order
Export as new Build Order

VaultDweller Terran - Winner!

Build Orders: Reaper Expand 

Get SALT Encoding   

  12  0:00  SCV  
  13  0:12  SCV  
  14  0:17  Supply Depot  
  14  0:24  SCV  
  15  0:38  SCV  
  15  0:39  Barracks  
  16  0:45  Refinery  
  16  0:50  SCV  
  17  1:02  SCV  
  18  1:15  SCV  
  19  1:28  Orbital Command, Reaper  
  20  1:40  Command Center  
  20  1:53  Supply Depot  
  20  1:55  SCV  
  21  2:05  Factory  
  21  2:10  SCV  
  22  2:20  Refinery  
  22  2:22  Barracks Reactor, SCV  
  23  2:34  SCV  
  24  2:46  SCV  
  24  2:50  Factory Reactor  
  25  2:57  Orbital Command  
  25  2:58  SCV  
  25  3:04  Marine x2  
  28  3:10  SCV  
  27  3:22  Marine x2, SCV  
  30  3:32  Cyclone x2, Starport  
  34  3:34  Orbital Command, SCV  
  35  3:42  Marine x2  
  35  3:47  SCV  
  36  3:59  SCV  
  36  4:01  SCV  
  37  4:10  Starport Tech Lab  
  37  4:11  SCV  
  37  4:13  SCV  
  39  4:21  Cyclone  
  39  4:22  Cyclone  
  39  4:23  SCV  
  44  4:25  SCV  
  43  4:32  Supply Depot  
  43  4:35  SCV  
  43  4:37  SCV  
  45  4:39  Supply Depot  
  45  4:41  Refinery  
  45  4:45  Refinery, Marine  
  46  4:50  Bunker  
  46  4:53  Cyclone, Marine, SCV x2  
  46  4:56  Cloaking Field  
  51  5:05  Banshee, SCV x2  
  56  5:09  Cyclone  
  58  5:16  Supply Depot  
  58  5:18  SCV x2  
  58  5:19  Supply Depot  
  60  5:30  SCV x2  
  62  5:38  Supply Depot  
  62  5:42  SCV x2  
  64  5:46  Armory  
  64  5:47  Banshee  
  64  5:48  Armory  
  67  5:53  Factory  
  67  5:54  SCV x2  
  67  5:55  Factory  
  69  6:06  SCV x2  
  69  6:08  Cyclone x2  
  75  6:18  SCV x2  
  77  6:30  SCV x2  
  79  6:40  Cyclone x2  
  83  7:10  Factory Reactor x2  
  83  7:12  Cyclone x2  
  69  7:30  Marine  
  69  7:31  Marine  
  71  7:44  Cyclone x2  
  71  7:48  Marine x2  
  71  7:50  Cyclone x4  
  81  8:04  Command Center  
  81  8:06  Marine x2  
  83  8:16  Cyclone  
  85  8:23  Supply Depot  
  85  8:24  Marine  
  85  8:25  Command Center  
  86  8:28  Supply Depot  
  86  8:29  Refinery  
  86  8:36  Cyclone, Marine  
  86  8:37  Cyclone x2  
  86  8:38  Cyclone x2  
  83  8:42  Marine  
  83  8:48  Cyclone  
  83  8:53  Refinery  
  83  8:54  Marine  
  85  8:59  Marine  
  86  9:04  Banshee  
  86  9:05  Command Center  
  86  9:08  Cyclone  
  86  9:09  Cyclone x2  
  95  9:10  Cyclone x2  
  95  9:12  Marine  
  95  9:13  Supply Depot  
  95  9:14  Supply Depot  
  95  9:15  Supply Depot  
  95  9:16  Orbital Command  
  100  9:20  Cyclone  
  100  9:23  Refinery  
  102  9:40  Cyclone  
  102  9:41  Cyclone  
  102  9:46  Banshee  
  102  9:49  Refinery  
  102  9:50  Cyclone  
  102  9:51  Cyclone x2  
  99  9:53  Cyclone  
  94  10:13  Cyclone x2  
  96  10:21  Marine x2  
  96  10:22  Cyclone  
  96  10:23  Cyclone x2  
  96  10:25  Cyclone  
  96  10:28  SCV x2  
  108  10:29  Banshee, Orbital Command  
  111  10:39  Marine x2, SCV  
  111  10:40  SCV x2  
  114  10:51  SCV  
  114  10:52  SCV x2  
  115  10:57  Marine x2  
  115  11:03  Cyclone x5  
  115  11:04  Cyclone  
  121  11:12  Banshee  
  121  11:15  Marine  
  113  11:35  Cyclone x5  
  113  11:36  Cyclone  
  116  12:07  Cyclone x4  
  116  12:08  Cyclone  
  119  12:20  Marine x2  
  106  12:23  Cyclone  
  108  12:34  SCV x2  
  108  12:35  SCV x2  
  112  12:38  Marine x2  
  119  12:46  SCV x2  
  119  12:47  SCV x2  
Show
View Real Time Build Order
Export as new Build Order

SubN Zerg 

Build Orders: Pool First 

Get SALT Encoding   

  12  0:00  Drone  
  13  0:11  Overlord  
  13  0:16  Drone  
  14  0:30  Drone x2  
  14  0:33  Drone  
  17  0:44  Drone, Extractor  
  17  0:51  Spawning Pool  
  16  1:13  Hatchery  
  16  1:17  Drone  
  16  1:21  Drone  
  18  1:25  Drone  
  18  1:30  Drone  
  19  1:42  Queen  
  21  1:50  Metabolic Boost  
  21  1:57  Overlord  
  21  2:03  Zergling x2  
  22  2:15  Zergling x2  
  22  2:17  Zergling x2  
  24  2:25  Queen  
  26  2:45  Drone x5  
  31  2:56  Drone x2  
  33  3:00  Overlord  
  33  3:04  Hatchery  
  32  3:08  Queen  
  34  3:30  Drone x6  
  40  3:42  Zergling x4  
  40  3:46  Drone x2  
  42  4:05  Extractor  
  42  4:08  Extractor  
  40  4:15  Zergling x6  
  43  4:22  Drone x7  
  49  4:31  Overlord  
  49  4:32  Overlord x3  
  49  4:49  Overlord, Queen  
  51  4:56  Drone x3  
  51  4:58  Drone x4  
  58  5:08  Queen  
  58  5:10  Drone x3  
  58  5:13  Drone x4  
  67  5:15  Lair  
  67  5:16  Drone  
  67  5:17  Drone x2  
  67  5:20  Extractor  
  69  5:27  Drone  
  70  5:49  Evolution Chamber  
  69  5:50  Drone x4  
  69  5:51  Evolution Chamber  
  69  5:52  Overlord x5  
  72  6:02  Drone  
  72  6:03  Overlord x2, Extractor  
  72  6:04  Extractor  
  71  6:08  Hatchery  
  70  6:12  Queen  
  70  6:13  Drone x3  
  70  6:15  Drone  
  70  6:16  Drone  
  70  6:17  Drone x3  
  70  6:18  Drone x3  
  83  6:24  Zergling x2  
  83  6:25  Zergling x4  
  81  6:32  Baneling Nest  
  80  6:34  Drone x2  
  80  6:35  Roach Warren  
  81  6:40  Zergling x4  
  81  6:41  Zergling x12  
  81  6:44  Zerg Melee Weapons Level 1  
  81  6:45  Zerg Ground Armor Level 1  
  89  6:49  Zergling x4  
  89  6:53  Zergling x4  
  89  6:54  Zergling x4  
  95  7:02  Zergling x2  
  95  7:03  Zergling x2  
  95  7:07  Overseer  
  85  7:22  Spore Crawler  
  80  7:26  Queen  
  80  7:27  Queen x2  
  83  7:34  Spore Crawler  
  77  7:43  Spore Crawler  
  72  7:50  Zergling x28  
  72  7:51  Zergling x2  
  84  7:54  Baneling x3  
  84  7:55  Baneling x8  
  84  7:57  Centrifugal Hooks  
  84  8:02  Queen x3  
  90  8:07  Overseer  
  90  8:14  Spore Crawler  
  89  8:20  Spore Crawler  
  89  8:24  Hatchery  
  82  8:29  Roach  
  82  8:30  Roach x10  
  90  8:55  Zergling x2  
  90  8:56  Zergling x12  
  96  9:06  Zergling x6  
  99  9:23  Pneumatized Carapace  
  99  9:25  Drone  
  99  9:26  Drone x6  
  99  9:27  Overlord  
  90  9:50  Roach  
  90  9:51  Roach x7  
  86  10:01  Roach  
  86  10:02  Roach x8  
  102  10:12  Queen  
  98  10:14  Zergling x2  
  98  10:15  Zergling x6  
  102  10:25  Zerg Missile Weapons Level 1  
  102  10:28  Zerg Ground Armor Level 2  
  102  10:33  Glial Reconstitution  
  102  10:36  Drone  
  102  10:38  Drone  
  102  10:39  Overlord x3  
  102  10:40  Overlord  
  102  10:41  Overseer x3  
  100  11:02  Roach  
  100  11:03  Roach x13  
  106  11:09  Queen x3  
  102  11:17  Roach  
  102  11:18  Roach x3  
  110  11:29  Roach  
  110  11:30  Roach x5  
  92  11:40  Roach x4  
  92  11:41  Roach x2  
  97  11:51  Queen  
  91  11:55  Queen  
  77  12:23  Roach x9  
  77  12:24  Roach  
  77  12:27  Overseer x2  
  94  12:35  Overseer  
Tags
 
Add a new tag
Caveats
  • Supply blocks, unpowered buildings, or Contaminate may cause inaccurate times.
  • Supply counts are checked every 10 seconds.